 Dungeon Crawl Stone Soup version 0.29-a0-359-g541a27f54d (webtiles) character file.

Game seed: 3124939079785207788

10 Essalna the Conjurer (level 2, -2/19 HPs)
             Began as a Demonspawn Conjurer on Apr 28, 2022.
             Slain by a quokka (4 damage)
             ... on level 1 of the Dungeon.
             The game lasted 00:01:26 (526 turns).

Essalna the Conjurer (Demonspawn Conjurer)           Turns: 526, Time: 00:01:27

Health: -2/19      AC:  2    Str:  7    XL:     2   Next: 10%
Magic:  0/5        EV: 11    Int: 19    God:
Gold:   21         SH:  3    Dex: 11    Spells: 4/5 levels left

rFire   . . .      SeeInvis .   (no weapon)
rCold   . . .      Faith    .   c - +0 buckler
rNeg    . . .      Spirit   .   a - +0 robe
rPois   .          Reflect  .   (helmet restricted)
rElec   .          Harm     .   (no cloak)
rCorr   .          Rampage  .   (no gloves)
Will    .....                   (no boots)
Stlth   ++........              (no amulet)
HPRegen 0.06/turn               (no ring)
MPRegen 0.09/turn               (no ring)

@: no status effects
A: antennae 1
a: no special abilities


You were on level 1 of the Dungeon.
You visited 1 branch of the dungeon, and saw 2 of its levels.

You collected 21 gold pieces.

Inventory:

Armour
 a - a +0 robe (worn)
 c - a +0 buckler (worn)
Potions
 b - a potion of magic


   Skills:
 - Level 1.7 Dodging
 - Level 1.7 Stealth
 + Level 0.7 Shields
 + Level 2.2 Spellcasting
 + Level 4.1 Conjurations


You had 4 spell levels left.
You knew the following spells:

 Your Spells              Type           Power      Damage    Failure   Level
a - Magic Dart            Conj           72%        1d6       4%          1

Your spell library contained the following spells:

 Spells                   Type           Power      Damage    Failure   Level
 Searing Ray              Conj           36%        2d5       6%          2
 Dazzling Flash           Conj/Hex       20%        N/A       28%         3
 Fulminant Prism          Conj/Hex       5%         3d7       67%         4
 Iskenderun's Mystic Bla  Conj/Tloc      10%        2d4       67%         4


Dungeon Overview and Level Annotations

Branches:
Dungeon (2/15)

Altars:

Annotations:
D:2 Sigmund


Innate Abilities, Weirdness & Mutations

You have a pair of small antennae on your head.


Message History

Aiming: Magic Dart (safe; 4% risk of failure)
Press: ? - help, Shift-Dir - straight line, f/p - bat
Aim: a bat (100% to hit)
The magic dart hits the bat but does no damage.
The jackal bites you.
* * * LOW HITPOINT WARNING * * *
The bat misses you.
Casting: Magic Dart (safe; 4% risk of failure)
Confirm with . or Enter, or press ? or * to list all spells.
Aiming: Magic Dart (safe; 4% risk of failure)
Press: ? - help, Shift-Dir - straight line, f/p - bat
Aim: a bat (100% to hit)
The magic dart hits the bat.
The bat is moderately wounded.
The bat barely misses you. The jackal bites you.
* * * LOW HITPOINT WARNING * * *
The jackal bites you.
* * * LOW HITPOINT WARNING * * *
Casting: Magic Dart (safe; 4% risk of failure)
Confirm with . or Enter, or press ? or * to list all spells.
Aiming: Magic Dart (safe; 4% risk of failure)
Press: ? - help, Shift-Dir - straight line, f/p - bat
Aim: a bat (moderately wounded, 100% to hit)
The magic dart hits the bat.
You kill the bat!
The kobold throws a stone.
You block the stone. The jackal barely misses you.
The jackal attacks as you move away! The jackal closely misses you.
The jackal misses you.
Casting: Magic Dart (safe; 4% risk of failure)
Confirm with . or Enter, or press ? or * to list all spells.
Aiming: Magic Dart (safe; 4% risk of failure)
Press: ? - help, Shift-Dir - straight line, f - jackal
Aim: a jackal (100% to hit)
The magic dart hits the jackal but does no damage.
The jackal barely misses you. You block the quokka's attack.
The jackal attacks as you move away! The jackal bites you.
* * * LOW HITPOINT WARNING * * *
The jackal closely misses you. The jackal closely misses you.
The quokka bites you.
You die...

#.. #.##PP.P. ############
#...###......P #..........# #†..#
#.P..P..
#..........#########...###PP.....
#..........##.............##.P.PP
#....?.....##..[...........#P..PP
#..........##.....[...#.....###..
#.....>......wKh..†............##
##.........†...r@................
#.......####.........#......)..#
#.......# #.........#..........
#..>....# #.........#..........
#.......# #..........#########.
#.......# #.........?# ##
#.......# #..........# #
#.......# #..........# #
........# #


You could see a worm, a quokka, a jackal and a kobold.

Vanquished Creatures
  A dart slug (D:1)
  2 hobgoblins (D:1)
  3 bats (D:1)
  A frilled lizard (D:1)
  2 kobolds (D:1)
  A rat (D:1)
10 creatures vanquished.

Vanquished Creatures (others)
  A demonic plant (D:1)
  2 fungi (D:1)
  3 plants (D:1)
6 creatures vanquished.

Grand Total: 16 creatures vanquished

Notes
Turn   | Place    | Note
-------+----------+-------------------------------------------
     0 | D:1      | Essalna the Demonspawn Conjurer began the quest for the
                  | Orb.
     0 | D:1      | Reached XP level 1. HP: 13/13 MP: 3/3
    49 | D:1      | Found a faded altar of an unknown god.
   467 | D:1      | Gained mutation: You have a pair of small antennae on your
                  | head. [demonic ancestry]
   467 | D:1      | Reached XP level 2. HP: 19/19 MP: 3/5
   503 | D:1      | You fall into a shaft and drop 1 floor!
   504 | D:2      | Noticed Sigmund
   526 | D:1      | Slain by a quokka

Illustrated notes

Levels and vault maps discovered:
D:1:      dpeg_arrival_line_fractal, layout_basic, shapermc_ecumenical_altar_gd
D:2:      layout_rooms, basic_altar, hangedman_decor_clover_reticule,
          uniq_sigmund

Action                   || total
-------------------------++-------
Melee: Unarmed           ||     6
 Cast: Magic Dart        ||    19
Armor: Robe              ||     3
Dodge: Dodged            ||    19
Block: Buckler           ||     5

Table legend: (Time is in decaauts)
 A = Elapsed time spent in this place.
 B = Non-inter-level travel time spent in this place.
 C = Inter-level travel time spent in this place.
 D = Time resting spent in this place.
 E = Time spent auto-exploring this place.
 F = Levels seen in this place.
 G = Mean time per level.
                   A        B        C        D        E       F      G
               +--------+--------+--------+--------+--------+-----+--------+
         Total |    526 |    522 |      4 |      0 |    423 |   2 |  263.0 |
       Dungeon |    526 |    522 |      4 |      0 |    423 |   2 |  263.0 |
               +--------+--------+--------+--------+--------+-----+--------+

Top non-repeatable levels by time:
     D:1: 519 daAuts
     D:2: 6 daAuts
